Map: Tourmaline LE

Players

往事如梭 - Winner!

  • Race: Terran Terran

若瑾

  • Race: Protoss Protoss
  • League: Master

VOD

Have the link to the VOD?

Description

Time

  • Played on: Dec. 25, 2025, 9:01 a.m.
  • Length: 12:49
Show
View Real Time Build Order
Export as new Build Order

往事如梭 Terran - Winner!

Build Orders: 1/1/1 

Get SALT Encoding   

  12  0:00  SCV  
  13  0:12  SCV  
  14  0:17  Supply Depot  
  14  0:24  SCV  
  15  0:38  SCV  
  15  0:40  Barracks  
  16  0:45  Refinery  
  16  0:50  SCV  
  16  0:52  Refinery  
  17  1:02  SCV  
  18  1:14  SCV  
  19  1:27  Reaper, Orbital Command  
  19  1:28  Supply Depot  
  20  1:40  Factory  
  20  1:53  SCV  
  21  2:00  Barracks Reactor  
  21  2:05  SCV  
  22  2:17  SCV  
  22  2:19  Command Center  
  23  2:28  Starport  
  23  2:30  SCV  
  24  2:37  Factory Tech Lab  
  24  2:42  SCV  
  25  2:47  Supply Depot  
  25  2:50  Marine x2  
  27  2:54  SCV  
  28  3:05  Siege Tank  
  31  3:09  SCV  
  32  3:19  Viking  
  34  3:21  SCV  
  35  3:32  Command Center  
  35  3:39  Orbital Command  
  35  3:43  SCV  
  36  3:49  Siege Tank  
  36  3:55  SCV  
  40  3:59  Barracks  
  40  4:00  Starport Tech Lab  
  40  4:06  SCV  
  40  4:07  Marine, SCV  
  40  4:08  Marine  
  44  4:17  Barracks  
  44  4:18  SCV  
  44  4:23  SCV  
  46  4:24  Supply Depot  
  46  4:28  Siege Tank  
  46  4:30  SCV  
  50  4:34  Supply Depot  
  50  4:36  SCV  
  51  4:42  SCV  
  53  4:46  Orbital Command  
  53  4:51  SCV  
  53  4:55  SCV  
  53  4:59  Command Center  
  53  5:01  Stimpack  
  53  5:04  SCV  
  54  5:08  Marauder  
  54  5:09  Marine x2  
  54  5:10  SCV  
  54  5:12  SCV  
  60  5:15  Supply Depot  
  60  5:21  Engineering Bay  
  60  5:23  Engineering Bay  
  60  5:24  SCV  
  60  5:25  SCV  
  62  5:28  Marine x2  
  62  5:29  Combat Shield  
  62  5:32  Marauder  
  62  5:35  Marauder, Starport Reactor  
  68  5:37  SCV  
  68  5:38  SCV  
  68  5:41  Refinery  
  70  5:45  SCV, Refinery  
  70  5:49  Terran Infantry Armor Level 1, Terran Infantry Weapons Level 1  
  72  5:50  SCV  
  72  5:51  SCV  
  72  5:52  Marine x2  
  75  5:57  SCV  
  75  6:03  SCV x2, Barracks  
  78  6:05  Barracks  
  78  6:06  Marauder  
  78  6:08  Marauder  
  78  6:09  Factory Reactor  
  82  6:13  Orbital Command  
  82  6:16  SCV x2  
  84  6:19  Marine x2  
  84  6:21  SCV  
  84  6:25  Medivac  
  89  6:28  SCV x2  
  89  6:29  Medivac  
  89  6:31  Orbital Command  
  89  6:32  Marauder  
  95  6:33  SCV  
  95  6:38  Supply Depot x2  
  93  6:49  Marine  
  93  6:50  Marine, Marauder  
  93  6:52  SCV x3  
  99  6:55  Medivac, Widow Mine  
  99  6:59  Medivac  
  99  7:00  SCV  
  106  7:04  SCV x3  
  109  7:09  Supply Depot  
  109  7:10  Marine x2, Supply Depot, Marauder  
  109  7:11  Marauder, Barracks Tech Lab  
  109  7:12  Barracks Reactor, SCV  
  116  7:16  SCV x2  
  116  7:17  Supply Depot  
  116  7:18  Widow Mine x2  
  116  7:21  Supply Depot, SCV  
  123  7:24  SCV  
  123  7:29  Missile Turret  
  124  7:30  Medivac x2  
  124  7:33  Refinery  
  124  7:35  Armory, Missile Turret  
  124  7:36  SCV x3  
  131  7:37  Missile Turret  
  131  7:40  Marauder x2  
  131  7:41  Marine  
  131  7:42  Marine  
  131  7:43  Concussive Shells  
  137  7:44  SCV  
  137  7:50  Ghost Academy, Refinery  
  137  7:51  Marine x2, Marauder  
  140  7:52  SCV  
  140  7:54  SCV x2  
  145  8:03  Viking x2  
  145  8:04  Supply Depot  
  142  8:09  Marine, Marauder  
  125  8:15  Marine x4, Marauder  
  125  8:17  SCV, Widow Mine x2  
  125  8:18  SCV x2  
  125  8:19  SCV  
  136  8:24  Terran Infantry Weapons Level 2  
  134  8:30  SCV x3  
  134  8:31  SCV  
  134  8:33  Marine x2, Marauder  
  138  8:35  Marine x2  
  138  8:36  Marauder, Supply Depot, Marine  
  129  8:42  SCV x2  
  122  8:48  Widow Mine  
  122  8:49  Medivac, Widow Mine  
  122  8:50  Marine  
  122  8:51  Marine  
  122  8:53  Marine x2  
  122  8:54  Marauder x2  
  126  8:57  Marauder  
  126  8:58  Terran Infantry Armor Level 2  
  126  9:01  SCV x3  
  117  9:06  Supply Depot  
  117  9:07  Supply Depot  
  117  9:08  Marine x2  
  116  9:10  Widow Mine x2  
  116  9:11  Marine x2  
  116  9:15  SCV x2  
  116  9:16  Marauder x2  
  120  9:18  Marauder  
  120  9:20  SCV x2  
  117  9:26  Marine x2, Barracks  
  117  9:27  SCV  
  117  9:28  Barracks  
  117  9:29  Marine x2  
  122  9:36  Widow Mine x2  
  122  9:37  Liberator, Marauder x2, Barracks  
  133  9:39  Marine  
  133  9:40  Refinery x2  
  133  9:42  Liberator  
  133  9:44  Marine x2  
  133  9:45  SCV x2  
  141  9:46  Marine  
  141  9:49  Marine  
  141  9:50  Supply Depot  
  143  9:56  Terran Ship Weapons Level 1  
  143  9:58  Marauder, Marine  
  143  9:59  Marauder, Ghost Academy  
  148  10:02  Marine x2  
  148  10:04  Marine  
  148  10:06  Starport  
  151  10:07  Marine, SCV x4  
  156  10:16  Marine  
  156  10:18  Marine  
  156  10:19  Marine, Command Center, SCV  
  156  10:20  Barracks Tech Lab x2  
  160  10:21  Command Center  
  160  10:24  Marine x2  
  160  10:25  Barracks Reactor  
  160  10:27  Marine  
  160  10:28  Supply Depot  
  163  10:33  SCV x2  
  163  10:34  Marauder, SCV  
  168  10:37  Marauder  
  168  10:39  Viking x2  
  174  10:42  Starport  
  174  10:43  Viking  
  174  10:44  Viking  
  174  10:45  Marine x3  
  174  10:46  Marauder, Marine  
  174  10:49  Personal Cloaking  
  184  10:52  Sensor Tower  
  184  10:57  Marine x2  
  184  10:58  Marine, Marauder  
  189  11:05  Marine x4  
  189  11:06  Marine x2  
  189  11:07  Missile Turret  
  189  11:11  Supply Depot  
  195  11:12  Supply Depot  
  195  11:14  Fusion Core  
  195  11:15  Marine  
  196  11:30  Ghost, Marine  
  196  11:46  Viking x2  
  196  11:47  Viking x2  
  198  11:52  Planetary Fortress  
  200  11:57  Command Center  
  200  12:00  Ghost x2  
  188  12:02  Marine x4  
  188  12:03  Marauder x2  
  196  12:12  Marine, Marauder  
  199  12:19  Refinery x2  
Show
View Real Time Build Order
Export as new Build Order

若瑾 Protoss 

Build Orders: 1 Gate Expand, Phoenix Opening, Blink Stalkers 

Get SALT Encoding   

  12  0:00  Probe  
  13  0:12  Probe  
  14  0:17  Pylon  
  14  0:24  Probe  
  15  0:32  Probe  
  15  0:37  Gateway  
  15  0:40  Probe  
  16  0:46  Assimilator  
  17  0:51  Probe  
  18  1:03  Probe  
  19  1:15  Probe  
  20  1:24  Nexus  
  20  1:33  Cybernetics Core  
  20  1:36  Probe  
  21  1:43  Assimilator  
  21  1:48  Probe  
  21  1:52  Pylon  
  22  1:58  Stalker  
  22  2:00  Probe  
  23  2:09  Warp Gate  
  23  2:12  Probe  
  26  2:18  Shield Battery  
  26  2:24  Probe  
  26  2:27  Sentry  
  29  2:34  Phoenix  
  29  2:36  Probe  
  30  2:39  Twilight Council  
  30  2:42  Probe  
  31  2:46  Blink  
  31  2:48  Probe  
  32  2:54  Probe  
  32  2:55  Stalker  
  35  3:01  Probe  
  36  3:06  Probe, Gateway  
  37  3:14  Probe  
  37  3:18  Probe  
  39  3:28  Gateway  
  39  3:32  Probe x2  
  39  3:33  Pylon  
  41  3:37  Phoenix  
  41  3:42  Robotics Facility  
  41  3:46  Probe  
  41  3:47  Pylon, Probe  
  43  3:59  Probe  
  43  4:01  Stalker x2  
  48  4:06  Probe  
  48  4:07  Assimilator  
  49  4:12  Probe  
  49  4:13  Pylon  
  50  4:18  Probe  
  50  4:24  Probe  
  52  4:30  Observer, Probe  
  54  4:36  Probe  
  55  4:42  Probe  
  56  4:46  Nexus  
  56  4:48  Pylon, Probe  
  56  4:49  Pylon  
  56  4:50  Observer  
  56  4:52  Forge  
  58  4:53  Charge  
  58  4:54  Probe  
  58  4:58  Stalker x2  
  58  4:59  Protoss Ground Weapons Level 1  
  63  5:00  Stalker  
  65  5:10  Probe x2  
  67  5:22  Probe  
  68  5:33  Probe  
  68  5:34  Probe  
  68  5:35  Gateway  
  70  5:36  Gateway  
  70  5:39  Gateway  
  70  5:41  Gateway  
  70  5:44  Gateway  
  70  5:48  Probe  
  71  5:50  Probe  
  72  6:00  Probe x2  
  72  6:02  Probe  
  75  6:06  Zealot x3, Warp Prism  
  75  6:10  Pylon  
  81  6:12  Probe x2  
  81  6:15  Probe  
  86  6:24  Probe x2  
  88  6:27  Zealot x2  
  88  6:28  Zealot  
  88  6:31  Pylon  
  88  6:32  Pylon  
  94  6:33  Pylon  
  94  6:41  Assimilator  
  92  6:52  Zealot  
  92  6:53  Zealot x7  
  106  7:04  Probe  
  106  7:07  Photon Cannon  
  106  7:08  Shield Battery  
  107  7:15  Zealot x8  
  121  7:17  Protoss Ground Weapons Level 2  
  121  7:21  Observer  
  123  7:28  Pylon  
  123  7:29  Pylon  
  123  7:32  Probe, Robotics Bay  
  124  7:43  Stalker x4  
  132  7:52  Stalker x3  
  132  7:53  Stalker  
  116  8:15  Zealot  
  116  8:16  Zealot x7  
  98  8:43  Zealot x6  
  98  8:44  Zealot x2  
  98  8:54  Extended Thermal Lance  
  76  9:03  Zealot x5  
  76  9:04  Zealot x3  
  76  9:08  Colossus  
  74  9:33  Protoss Ground Weapons Level 3  
  74  9:34  Robotics Facility  
  74  9:37  Probe  
  74  9:38  Pylon  
  75  9:48  Nexus, Stalker x4  
  75  9:49  Stalker x4  
  75  9:50  Pylon  
  75  9:51  Pylon  
  75  9:52  Colossus  
  90  10:03  Colossus  
  96  10:10  Phoenix  
  96  10:13  Sentry  
  96  10:14  Sentry  
  100  10:25  Stalker x4  
  100  10:26  Stalker x2  
  118  10:45  Zealot x2  
  122  10:54  Zealot x4  
  122  10:55  Zealot x2  
  134  11:02  Phoenix  
  134  11:03  Probe  
  135  11:05  Probe x2  
  135  11:09  Immortal  
  135  11:10  Immortal  
  145  11:15  Sentry x2  
  149  11:22  Zealot x4  
  149  11:23  Zealot x2  
  159  11:47  Zealot x8  
  143  12:05  Immortal x2  
  151  12:10  Stalker x8  
  115  12:41  Zealot x8  
Tags
 
Add a new tag
Caveats
  • Supply blocks, unpowered buildings, or Contaminate may cause inaccurate times.
  • Supply counts are checked every 10 seconds.